Map: Oxide LE

Players

MarineLorD

  • Race: Terran Terran
  • League: Master

goblin - Winner!

  • Race: Protoss Protoss
  • League: Master

Event: DreamHack SC2 Masters 2021 Summer

VOD

Have the link to the VOD?

Description

Time

  • Played on: May 20, 2021, 10:33 a.m.
  • Length: 14:47

All games in this series

Show
View Real Time Build Order
Export as new Build Order

MarineLorD Terran 

Build Orders:  

Get SALT Encoding   

  12  0:00  SCV  
  13  0:12  SCV  
  14  0:17  Supply Depot  
  14  0:24  SCV  
  15  0:38  SCV  
  15  0:42  Barracks  
  16  0:51  SCV  
  17  0:57  Barracks  
  17  1:03  SCV  
  18  1:11  Refinery  
  18  1:15  SCV  
  19  1:29  Orbital Command, Marine  
  20  1:37  Supply Depot  
  20  1:44  Marine  
  20  1:45  Bunker  
  20  1:46  Marine  
  22  1:59  Bunker  
  22  2:02  Marine  
  22  2:03  SCV  
  22  2:05  Marine  
  25  2:15  SCV  
  26  2:20  Marine  
  27  2:23  Factory  
  27  2:29  SCV  
  28  2:35  Marine  
  28  2:39  Marine  
  28  2:42  Supply Depot  
  29  2:50  SCV  
  30  2:53  Marine  
  31  3:03  Marine  
  31  3:04  SCV, Supply Depot  
  33  3:08  Factory Tech Lab  
  33  3:16  SCV  
  33  3:26  Command Center  
  31  3:36  Cyclone  
  31  3:38  Marine  
  31  3:40  SCV  
  36  3:45  Refinery  
  36  3:52  SCV  
  36  3:53  Starport  
  37  4:05  SCV  
  37  4:06  Bunker  
  38  4:11  Cyclone  
  41  4:22  SCV  
  42  4:32  Command Center  
  39  4:38  Orbital Command  
  39  4:41  Viking  
  41  4:48  Barracks  
  41  4:51  SCV  
  42  4:58  Siege Tank  
  45  5:05  Orbital Command  
  45  5:07  SCV  
  46  5:18  Starport Reactor  
  46  5:22  Barracks x2  
  47  5:28  SCV  
  47  5:34  SCV  
  48  5:40  SCV  
  47  5:46  SCV  
  48  5:52  Orbital Command, Engineering Bay, SCV  
  49  5:57  Marine, Stimpack  
  49  5:58  SCV  
  51  6:04  SCV  
  51  6:10  SCV  
  53  6:17  SCV  
  54  6:19  Marauder  
  54  6:20  Barracks Tech Lab  
  54  6:22  SCV, Terran Infantry Weapons Level 1  
  57  6:27  SCV  
  57  6:29  Refinery, SCV, Starport Reactor, Factory Reactor  
  57  6:30  Refinery  
  57  6:31  Marine x2  
  61  6:34  SCV  
  61  6:36  Supply Depot  
  61  6:39  SCV  
  63  6:41  SCV  
  63  6:42  Marauder, Combat Shield  
  63  6:43  Marauder  
  63  6:46  SCV  
  69  6:51  SCV  
  69  6:53  SCV, Supply Depot  
  71  6:54  Supply Depot  
  71  6:58  SCV  
  71  7:00  Marine x2  
  74  7:03  SCV, Marauder  
  74  7:05  SCV  
  74  7:07  Barracks  
  78  7:09  Barracks  
  78  7:10  SCV  
  78  7:13  Marauder  
  81  7:17  Marine x2  
  81  7:19  SCV x2, Supply Depot  
  81  7:22  Medivac x2  
  87  7:26  Widow Mine x2  
  87  7:28  Marauder  
  95  7:30  SCV  
  95  7:33  Missile Turret  
  95  7:36  Missile Turret  
  95  7:37  SCV x2  
  98  7:40  Marauder, Marine x2  
  98  7:52  Widow Mine x2  
  98  7:57  Barracks Tech Lab  
  98  7:58  Barracks Reactor, Marauder, Marine x2  
  104  8:01  Marauder  
  104  8:03  Supply Depot x2  
  108  8:06  SCV  
  108  8:11  Orbital Command, SCV  
  108  8:16  Marine  
  108  8:18  Marine  
  109  8:21  Terran Infantry Armor Level 1  
  109  8:25  Marauder x3, Supply Depot  
  115  8:28  Supply Depot x2  
  115  8:35  Marine x2  
  115  8:36  SCV  
  115  8:38  Marine  
  115  8:39  Marine  
  115  8:40  SCV  
  118  8:46  Marauder x2  
  122  8:52  SCV x2  
  122  8:53  Marauder  
  122  8:54  Marine x2, Missile Turret  
  122  8:55  Medivac  
  126  9:07  Marauder x2  
  128  9:10  Marine x2  
  128  9:11  SCV  
  128  9:14  Marauder  
  128  9:16  Marine x2, Medivac  
  131  9:17  SCV  
  129  9:28  Marine x2  
  129  9:29  Marauder x2  
  129  9:30  Refinery, SCV x2  
  126  9:31  Refinery  
  126  9:34  Marine x2  
  126  9:35  Widow Mine x2  
  126  9:36  Marauder  
  127  9:42  SCV  
  127  9:45  Marine  
  127  9:47  Medivac x2  
  127  9:49  Ghost Academy  
  127  9:50  Marauder, Marine x2  
  136  9:56  Widow Mine x2  
  136  9:57  Marauder, Concussive Shells  
  139  10:05  Marine  
  125  10:09  Marauder  
  125  10:10  Command Center  
  125  10:11  Marauder, Marine x3  
  130  10:17  Medivac x2  
  130  10:19  Widow Mine x2  
  140  10:21  Ghost  
  140  10:23  Enhanced Shockwaves  
  140  10:27  SCV x2  
  142  10:28  Supply Depot  
  142  10:29  Ghost  
  142  10:30  Supply Depot  
  142  10:31  Supply Depot  
  142  10:32  Ghost  
  146  10:39  Marine  
  146  10:40  Marine x2  
  149  10:45  Armory, Marine  
  149  10:46  Engineering Bay  
  149  10:54  Supply Depot  
  149  10:55  Marauder, Supply Depot  
  151  10:57  Marine x2  
  151  11:00  SCV x3  
  155  11:10  Marauder  
  142  11:11  Marine  
  142  11:12  SCV, Viking x2  
  148  11:19  Ghost x2  
  148  11:23  Missile Turret  
  152  11:28  Marine x2  
  152  11:29  Marine, Planetary Fortress  
  152  11:30  SCV x2  
  152  11:32  Marauder  
  159  11:42  Viking x2  
  154  11:54  Marauder, Marine x4  
  155  11:55  Marauder x2  
  155  12:01  SCV x2  
  151  12:12  SCV  
  151  12:15  Marauder, Marine, Viking x2  
  140  12:16  Marauder  
  140  12:20  Marine  
  140  12:21  Marauder  
  140  12:22  SCV  
  135  12:35  Marine x2  
  137  12:39  Terran Ship Weapons Level 1  
  137  12:42  Marine x3  
  142  12:44  Marauder x2  
  142  12:45  Viking  
  142  12:48  Viking  
  147  12:59  Marine x2  
  147  13:00  Marauder  
  147  13:01  Marine  
  147  13:03  SCV x2  
  156  13:06  Widow Mine x2, Marauder x2  
  156  13:10  SCV x2  
  164  13:15  SCV  
  164  13:19  Viking  
  161  13:20  Viking  
  161  13:23  Marauder, Marine  
  166  13:27  Marauder, Marine  
  147  13:37  SCV x2  
  147  13:38  SCV  
  127  13:42  Marauder  
  127  13:44  Marine x3  
  127  13:45  Marauder  
  111  13:49  Viking  
  111  13:52  Marauder, Marine  
  111  13:53  SCV  
  102  14:02  Marine  
  98  14:08  Viking  
  98  14:09  Ghost  
  96  14:20  Marauder, Marine  
Show
View Real Time Build Order
Export as new Build Order

goblin Protoss - Winner!

Build Orders: 1 Gate Expand 

Get SALT Encoding   

  12  0:00  Probe  
  13  0:12  Probe  
  14  0:17  Pylon  
  14  0:24  Probe (Chrono Boost)  
  15  0:36  Probe (Chrono Boost)  
  15  0:37  Gateway  
  16  0:44  Probe (Chrono Boost)  
  16  0:46  Assimilator  
  17  0:50  Probe  
  18  1:03  Probe  
  19  1:18  Nexus  
  19  1:21  Probe  
  20  1:31  Cybernetics Core  
  20  1:34  Probe  
  20  1:39  Assimilator  
  22  1:52  Zealot (Chrono Boost), Pylon  
  23  2:06  Pylon  
  23  2:11  Shield Battery  
  23  2:12  Stalker (Chrono Boost)  
  24  2:25  Shield Battery  
  24  2:33  Stalker (Chrono Boost)  
  24  2:35  Probe  
  25  2:42  Shield Battery  
  25  2:50  Probe, Warp Gate  
  26  2:59  Stalker (Chrono Boost)  
  28  3:06  Probe  
  29  3:23  Stargate  
  29  3:37  Pylon  
  29  3:44  Stalker  
  31  3:55  Probe  
  32  4:03  Nexus  
  32  4:07  Probe, Phoenix (Chrono Boost)  
  35  4:19  Probe  
  35  4:23  Phoenix  
  36  4:26  Pylon  
  38  4:31  Probe  
  39  4:44  Probe  
  39  4:45  Stalker  
  42  4:50  Twilight Council  
  42  4:53  Phoenix  
  42  4:57  Probe (Chrono Boost)  
  45  5:06  Probe (Chrono Boost)  
  47  5:15  Probe x2 (Chrono Boost)  
  47  5:20  Shield Battery  
  48  5:24  Phoenix  
  48  5:25  Probe (Chrono Boost)  
  48  5:26  Probe (Chrono Boost)  
  52  5:32  Charge  
  52  5:34  Probe (Chrono Boost)  
  52  5:35  Probe (Chrono Boost)  
  54  5:39  Probe (Chrono Boost)  
  54  5:41  Probe  
  56  5:54  Phoenix  
  56  5:56  Probe  
  59  5:57  Probe, Nexus  
  60  6:09  Probe x2  
  60  6:19  Phoenix  
  60  6:23  Pylon  
  62  6:27  Assimilator x2  
  62  6:35  Gateway x2  
  62  6:39  Pylon  
  62  6:44  Phoenix (Chrono Boost)  
  64  6:49  Probe (Chrono Boost)  
  66  6:55  Probe (Chrono Boost)  
  66  6:58  Probe (Chrono Boost), Robotics Facility  
  66  7:00  Phoenix (Chrono Boost)  
  68  7:01  Zealot  
  68  7:02  Probe (Chrono Boost)  
  68  7:04  Probe (Chrono Boost)  
  73  7:11  Probe (Chrono Boost), Pylon  
  75  7:19  Probe (Chrono Boost)  
  75  7:21  Probe (Chrono Boost)  
  75  7:22  Probe (Chrono Boost), Zealot  
  79  7:23  Phoenix  
  79  7:26  Probe (Chrono Boost)  
  79  7:27  Probe x2 (Chrono Boost)  
  79  7:29  Zealot x2  
  88  7:32  Pylon  
  88  7:37  Probe  
  88  7:40  Probe  
  88  7:42  Probe  
  91  7:48  Phoenix  
  91  7:49  Probe  
  91  7:51  Immortal (Chrono Boost)  
  92  7:56  Probe, Robotics Bay  
  92  7:57  Probe  
  98  8:03  Assimilator  
  98  8:04  Assimilator  
  98  8:06  Pylon  
  98  8:13  Phoenix  
  98  8:18  Zealot x3  
  106  8:22  Observer (Chrono Boost)  
  106  8:26  Pylon  
  107  8:35  Observer (Chrono Boost)  
  107  8:40  Zealot x3  
  114  8:44  Gateway  
  114  8:45  Gateway  
  114  8:46  Pylon  
  114  8:47  Gateway  
  114  8:49  Extended Thermal Lance  
  114  8:52  Colossus (Chrono Boost)  
  120  8:56  Templar Archives  
  102  9:11  Zealot  
  102  9:12  Zealot x2  
  99  9:20  Observer  
  95  9:28  Probe x2  
  95  9:31  Phoenix (Chrono Boost)  
  96  9:36  Colossus (Chrono Boost)  
  96  9:45  High Templar x2, Zealot x4  
  110  9:49  Gateway  
  110  9:50  Gateway  
  110  9:51  Archon  
  110  9:52  Observer  
  114  9:53  Pylon  
  102  10:09  Zealot x4  
  102  10:10  Probe  
  102  10:11  Probe  
  102  10:14  Shield Battery  
  110  10:15  Phoenix (Chrono Boost)  
  110  10:16  Warp Prism (Chrono Boost)  
  110  10:20  High Templar x2  
  118  10:26  Archon  
  118  10:30  Observer  
  118  10:31  High Templar x2, Zealot x2  
  118  10:35  Phoenix (Chrono Boost)  
  128  10:36  Archon  
  128  10:54  Zealot x6  
  128  10:56  Pylon  
  140  10:59  Pylon  
  140  11:01  Pylon  
  140  11:04  Phoenix  
  126  11:14  Zealot  
  126  11:15  Zealot x3  
  126  11:16  High Templar x3  
  126  11:17  High Templar  
  141  11:20  Archon x2  
  141  11:29  Observer  
  141  11:31  Phoenix (Chrono Boost)  
  143  11:39  Zealot  
  145  11:40  Zealot x3  
  137  11:54  Colossus (Chrono Boost)  
  133  11:55  Zealot  
  133  11:56  Zealot x3  
  142  12:15  Zealot x4  
  134  12:18  Zealot x4  
  134  12:22  Phoenix (Chrono Boost)  
  128  12:30  Nexus  
  128  12:32  Pylon  
  128  12:33  Observer (Chrono Boost)  
  129  12:40  High Templar x4  
  129  12:41  High Templar x2, Zealot  
  129  12:42  Zealot  
  145  12:46  Archon  
  145  12:47  Archon  
  145  12:48  Archon, Phoenix  
  147  13:03  Stalker x2  
  151  13:07  Probe x2  
  151  13:09  Pylon  
  153  13:19  Zealot x4  
  159  13:20  Zealot x2  
  159  13:22  Phoenix (Chrono Boost)  
  159  13:25  Probe x2  
  167  13:27  Pylon  
  143  13:40  Zealot x5  
  143  13:41  Zealot x3  
  141  13:46  Phoenix (Chrono Boost)  
  117  14:08  High Templar x3  
  117  14:09  High Templar x3, Zealot x2  
  132  14:11  Phoenix (Chrono Boost)  
  132  14:13  Archon x2  
  132  14:14  Archon  
  120  14:34  Zealot x2  
  120  14:39  Gateway x2  
  120  14:41  Gateway  
  114  14:45  Gateway  
Tags
 
Add a new tag
Caveats
  • Supply blocks, unpowered buildings, or Contaminate may cause inaccurate times.
  • Supply counts are checked every 10 seconds.